[Event "Wednesday Jan 17th Engine Tour 9Rd Swiss 12m+1s Starts at 1600hrs ST"]
[Site "Infinity Chess"]
[Date "2018.1.17"]
[Round "3"]
[White "BraveDevil"]
[Black "Marsell"]
[Result "1/2-1/2"]
[ECO "D44"]
[WhiteElo "2368"]
[BlackElo "2479"]
[WhiteEngine "Cryptic AIL V1"]
[BlackEngine "asmFishW_2018-01-11_popcnt"]
[EventType "Swiss"]
[WhiteTeam ""]
[BlackTeam ""]
[PlyCount "77"]
[TimeControl "720+1"]

1. d4 d5 2. c4 e6 3. Nc3 Nf6 4. Nf3 c6 5. Bg5 h6 6. Bh4 dxc4 7. e4 g5 8. Bg3 b5 
9. Be2 Bb7 10. h4 g4 11. Ne5 Nbd7 12. Bxg4 Nxe5 13. Bxe5 Rg8 14. Bf3 Nd7 
15. Bg3 Qb6 16. O-O O-O-O 17. Kh1 Bg7 18. Bh5 Rgf8 19. a4 b4 20. Ne2 Qa5 
21. Bf3 Ne5 22. Bxe5 Bxe5 23. Qc1 Bxd4 24. Nxd4 Rxd4 25. Qxh6 Rg8 26. Qh7 Qd8 
27. Rfd1 Rh8 28. Rxd4 Qf8 29. Qxh8 Qxh8 30. e5 Qxe5 31. Rad1 Ba6 32. g3 c3 
33. bxc3 bxc3 34. Rd6 Bb7 35. Rd8+ Kc7 36. R8d7+ Kc8 37. Rd8+ Kc7 38. R8d7+ Kc8 
39. Rd8+ 1/2-1/2

[Event "Wednesday Jan 17th Engine Tour 9Rd Swiss 12m+1s Starts at 1600hrs ST"]
[Site "Infinity Chess"]
[Date "2018.1.17"]
[Round "3"]
[White "Dovahkiin"]
[Black "hafaba"]
[Result "1/2-1/2"]
[ECO ""]
[WhiteElo "2405"]
[BlackElo "2452"]
[WhiteEngine "BrainFish_180113_x64_modern_CTG"]
[BlackEngine "Stockfish SL 07012018 POPCNT_CTG"]
[EventType "Swiss"]
[WhiteTeam ""]
[BlackTeam ""]
[PlyCount "65"]
[TimeControl "720+1"]

1. e3 Nf6 2. d3 d5 3. d4 c5 4. Nf3 Nc6 5. c3 e6 6. Nbd2 Qc7 7. Bd3 b6 8. O-O Be7 
9. b3 Bb7 10. Bb2 O-O 11. Qe2 Rfe8 12. Rfe1 e5 13. Nxe5 Nxe5 14. dxe5 Qxe5 
15. Rad1 Bd6 16. Nf1 Qg5 17. f3 Rad8 18. c4 d4 19. Qf2 Be5 20. h4 Qh6 
21. exd4 Bxd4 22. Rxe8+ Nxe8 23. Bxd4 Rxd4 24. Qe2 Bc6 25. Ng3 g6 26. Be4 Rxd1+ 
27. Qxd1 Bxe4 28. Nxe4 Qxh4 29. Qd7 Qe1+ 30. Kh2 Qh4+ 31. Kg1 Qe1+ 32. Kh2 Qh4+ 
33. Kg1 1/2-1/2

[Event "Wednesday Jan 17th Engine Tour 9Rd Swiss 12m+1s Starts at 1600hrs ST"]
[Site "Infinity Chess"]
[Date "2018.1.17"]
[Round "3"]
[White "Cepri"]
[Black "Gilgamesch"]
[Result "1/2-1/2"]
[ECO "C50"]
[WhiteElo "2457"]
[BlackElo "2505"]
[WhiteEngine "asmFishW_12J18Mb_CTG"]
[BlackEngine "BrainFish_171005_x64_bmi2"]
[EventType "Swiss"]
[WhiteTeam ""]
[BlackTeam ""]
[PlyCount "43"]
[TimeControl "720+1"]

1. e4 e5 2. Nf3 Nc6 3. Bc4 Bc5 4. O-O Nf6 5. d3 a5 6. c3 d6 7. Bg5 Ba7 8. Bh4 h6 
9. Nbd2 g5 10. Bg3 O-O 11. Bb3 Be6 12. a4 Kg7 13. Ra3 Bc5 14. Ra2 Qe8 
15. Re1 Qd7 16. Ra1 Ba7 17. Nc4 Rae8 18. Rb1 Rd8 19. Rc1 Rde8 20. Rb1 Rd8 
21. Rc1 Rde8 22. Rb1 1/2-1/2

[Event "Wednesday Jan 17th Engine Tour 9Rd Swiss 12m+1s Starts at 1600hrs ST"]
[Site "Infinity Chess"]
[Date "2018.1.17"]
[Round "2"]
[White "Satria_Ungu"]
[Black "BraveDevil"]
[Result "0-1"]
[ECO "A46"]
[WhiteElo "2379"]
[BlackElo "2300"]
[WhiteEngine "Houdini 6_CTG"]
[BlackEngine "Cryptic AIL V1"]
[EventType "Swiss"]
[WhiteTeam ""]
[BlackTeam ""]
[PlyCount "150"]
[TimeControl "720+1"]

1. d4 Nf6 2. Nf3 d5 3. e3 Bf5 4. c4 e6 5. Nbd2 Be7 6. a3 h6 7. Be2 c6 
8. O-O Nbd7 9. b3 a5 10. Bb2 O-O 11. h3 Qb8 12. Rc1 b5 13. c5 Bd8 14. Ne5 Qb7 
15. g4 Bh7 16. Bd3 Bxd3 17. Nxd3 Ne4 18. Nf3 Qc7 19. Kg2 f5 20. Rc2 b4 
21. axb4 axb4 22. Rh1 Qc8 23. Nfe1 Bc7 24. f3 Nc3 25. Qd2 Qb7 26. Bxc3 bxc3 
27. Qxc3 Qb8 28. Rf1 fxg4 29. hxg4 e5 30. dxe5 Bxe5 31. Qb4 Qc8 32. Re2 Bc7 
33. Qd4 Re8 34. Nc2 Be5 35. Nxe5 Nxe5 36. Qd1 Rf8 37. b4 h5 38. b5 Ra7 
39. Qd4 Qe6 40. bxc6 hxg4 41. f4 Nf3 42. Qd3 Nh4+ 43. Kf2 g5 44. Nd4 Qh6 
45. f5 Qh8 46. Rd2 Re7 47. Ke2 g3 48. Qb3 g2 49. Qxd5+ Kh7 50. Rg1 Rd8 
51. Qc4 Qe5 52. Qd3 Kh6 53. Kf2 Qh2 54. Rdd1 Kh5 55. Ra1 Qh3 56. Qe2+ g4 
57. c7 Rf8 58. c8=R Rxc8 59. c6 Rce8 60. Ra3 Qh2 61. c7 Rxc7 62. Qd1 Rb7 
63. Rc3 Rb2+ 64. Rc2 Qh3 65. Qd2 Nf3 66. Ne6 Nxd2 67. Nf4+ Kh4 68. Nxg2+ Kg5 
69. Rxb2 Rd8 70. Ke1 Nf3+ 71. Kf2 g3+ 72. Ke2 Nxg1+ 73. Ke1 Nf3+ 74. Kf1 Qh1+ 
75. Ke2 Qxg2# 0-1

[Event "Wednesday Jan 17th Engine Tour 9Rd Swiss 12m+1s Starts at 1600hrs ST"]
[Site "Infinity Chess"]
[Date "2018.1.17"]
[Round "2"]
[White "ivrdurant"]
[Black "Dovahkiin"]
[Result "0-1"]
[ECO "B90"]
[WhiteElo "2412"]
[BlackElo "2388"]
[WhiteEngine "Raubfisch ME262_GTZ16b3._CTG"]
[BlackEngine "BrainFish_180113_x64_modern_CTG"]
[EventType "Swiss"]
[WhiteTeam ""]
[BlackTeam ""]
[PlyCount "78"]
[TimeControl "720+1"]

1. e4 c5 2. Nf3 d6 3. d4 cxd4 4. Nxd4 Nf6 5. Nc3 a6 6. Be3 e5 7. Nb3 Be6 
8. f3 h5 9. Qd2 Nbd7 10. Nd5 Bxd5 11. exd5 g6 12. Be2 Bg7 13. Na5 Rb8 14. O-O e4 
15. f4 Ng4 16. Bxg4 hxg4 17. Rab1 Rh5 18. b4 Kf8 19. c4 Kg8 20. b5 axb5 
21. Rxb5 Nc5 22. Rfb1 Qf6 23. g3 Rc8 24. Bxc5 Rxc5 25. Rxc5 dxc5 26. Nxb7 Qa6 
27. Qc2 Bd4+ 28. Kh1 Kg7 29. a4 Rh8 30. Rb5 e3 31. Nxc5 Bxc5 32. Rxc5 Re8 
33. Qe2 Qxa4 34. Rb5 Qa1+ 35. Kg2 Qd4 36. Kg1 Qe4 37. Rb7 Kh6 38. Rb2 Ra8 
39. Qd1 Ra3 0-1

[Event "Wednesday Jan 17th Engine Tour 9Rd Swiss 12m+1s Starts at 1600hrs ST"]
[Site "Infinity Chess"]
[Date "2018.1.17"]
[Round "2"]
[White "OlivierEvan"]
[Black "ocirema"]
[Result "1/2-1/2"]
[ECO "A05"]
[WhiteElo "2422"]
[BlackElo "2416"]
[WhiteEngine "Houdini 6"]
[BlackEngine "stockfish_18011309_x64_modern_CTG"]
[EventType "Swiss"]
[WhiteTeam ""]
[BlackTeam ""]
[PlyCount "140"]
[TimeControl "720+1"]

1. Nf3 Nf6 2. d4 d5 3. c4 e6 4. e3 b6 5. b3 Nbd7 6. Bd3 Bd6 7. O-O e5 8. Be2 e4 
9. Nfd2 c6 10. Ba3 Bxa3 11. Nxa3 Bb7 12. Nab1 O-O 13. Nc3 Qe7 14. Qc2 Rab8 
15. h3 h6 16. a3 Rfd8 17. Rfd1 c5 18. Nf1 cxd4 19. exd4 Nf8 20. Ne3 Ne6 
21. a4 a5 22. Rac1 Qb4 23. Qb2 Nf4 24. Qd2 Nxe2+ 25. Nxe2 Qxd2 26. Rxd2 g6 
27. g4 Bc8 28. Nf4 dxc4 29. bxc4 Bd7 30. Ra2 Nh7 31. Kg2 Ng5 32. Rb1 Nf3 
33. Ne2 Be8 34. d5 Rdc8 35. Rab2 Ne5 36. Rxb6 Rxb6 37. Rxb6 Kf8 38. c5 Rxc5 
39. Rb8 Nd7 40. Rb3 Ne5 41. Nc3 Nc4 42. Nxe4 Nxe3+ 43. Rxe3 Rxd5 44. Nf6 Rd8 
45. Nxe8 Rxe8 46. Kf3 Re7 47. h4 Rb7 48. g5 Rb4 49. Re4 hxg5 50. hxg5 Rb3+ 
51. Kg4 Kg7 52. f3 Ra3 53. Kg3 Kf8 54. Rc4 Kg7 55. Re4 Kg8 56. Kg4 Kh7 
57. f4 Kg7 58. f5 gxf5+ 59. Kxf5 Ra1 60. Rf4 Rb1 61. Rc4 Rf1+ 62. Ke4 Re1+ 
63. Kf5 Rf1+ 64. Ke4 Rd1 65. Rc5 Rg1 66. Rxa5 f6 67. g6 Kxg6 68. Ke3 Rg3+ 
69. Kf4 Ra3 70. Ra6 Ra2 1/2-1/2

[Event "Wednesday Jan 17th Engine Tour 9Rd Swiss 12m+1s Starts at 1600hrs ST"]
[Site "Infinity Chess"]
[Date "2018.1.17"]
[Round "2"]
[White "hafaba"]
[Black "MarioDeMonti"]
[Result "1-0"]
[ECO "D10"]
[WhiteElo "2436"]
[BlackElo "2434"]
[WhiteEngine "Stockfish SL 07012018 POPCNT_CTG"]
[BlackEngine "stockfish_x64_bmi2_2018_01_13_CTG"]
[EventType "Swiss"]
[WhiteTeam ""]
[BlackTeam ""]
[PlyCount "151"]
[TimeControl "720+1"]

1. d4 d5 2. c4 c6 3. Nc3 Nf6 4. cxd5 cxd5 5. Bf4 Qb6 6. e3 Qxb2 7. Bb5+ Nc6 
8. Nge2 Bf5 9. O-O Rc8 10. f3 a6 11. Ba4 Qb6 12. e4 Be6 13. Rc1 g6 14. Kh1 Qd8 
15. Qb3 Qd7 16. e5 Nh5 17. Bd2 Ng7 18. Rb1 Nf5 19. Qxb7 Qxb7 20. Rxb7 Bh6 
21. Bxh6 Nxh6 22. Rb6 Bd7 23. Nxd5 Nxe5 24. dxe5 Bxa4 25. Rxa6 Bb5 26. Nc7+ Rxc7 
27. Ra8+ Kd7 28. Rd1+ Ke6 29. Nd4+ Kxe5 30. Rxh8 Rd7 31. Rb1 Ba4 32. Nb3 Nf5 
33. Rxh7 Nd6 34. Rh4 Ra7 35. Re1+ Kf6 36. Rf4+ Kg5 37. Rd4 Bxb3 38. axb3 Kf6 
39. Kg1 Rb7 40. b4 g5 41. Rb1 Nb5 42. Rc4 Nc7 43. Kf2 Nb5 44. Rc5 Na3 
45. Rb2 Nb5 46. Ke3 Rb6 47. Kd3 e6 48. Kc4 Nd6+ 49. Kc3 Nb5+ 50. Kd3 Kg6 
51. Rxb5 Rxb5 52. Kc4 Rb8 53. b5 Kf6 54. b6 Ke7 55. Kc5 Rc8+ 56. Kb5 Rb8 
57. Kc6 Rc8+ 58. Kb7 Rd8 59. Ka7 Rd3 60. b7 Rd7 61. Kb6 Rd8 62. Kc6 Rd6+ 
63. Kc5 Rd5+ 64. Kc4 Rd8 65. b8=Q Rxb8 66. Rxb8 Kf6 67. Rb7 Kg6 68. Kd4 Kf6 
69. g4 Kg7 70. Ke5 Kg6 71. Rb8 f6+ 72. Kxe6 f5 73. Rg8+ Kh7 74. Kf7 fxg4 
75. fxg4 Kh6 76. Rh8# 1-0

[Event "Wednesday Jan 17th Engine Tour 9Rd Swiss 12m+1s Starts at 1600hrs ST"]
[Site "Infinity Chess"]
[Date "2018.1.17"]
[Round "2"]
[White "Cepri"]
[Black "star99"]
[Result "1-0"]
[ECO "A46"]
[WhiteElo "2441"]
[BlackElo "2437"]
[WhiteEngine "asmFishW_12J18Mb_CTG"]
[BlackEngine "Cryptic AIL V1"]
[EventType "Swiss"]
[WhiteTeam ""]
[BlackTeam ""]
[PlyCount "195"]
[TimeControl "720+1"]

1. d4 Nf6 2. Nf3 d5 3. c4 e6 4. Nc3 c6 5. e3 Nbd7 6. Qc2 Bd6 7. Bd3 O-O 
8. O-O dxc4 9. Bxc4 a6 10. Rd1 b5 11. Bd3 Bb7 12. Ng5 h6 13. Nge4 Bc7 14. b4 a5 
15. bxa5 Rxa5 16. a3 Qe7 17. Bb2 Rfa8 18. g3 Nd5 19. Na2 R5a7 20. Rac1 Rf8 
21. Qb3 f5 22. Nc5 Nxc5 23. dxc5 Qf7 24. Nb4 Bd8 25. Re1 Ra4 26. Bc2 Ba5 
27. Bc3 Bd8 28. Nxd5 exd5 29. Qb2 Rc4 30. Rb1 Bc8 31. Bd4 Ba5 32. Re2 Qe7 
33. Bb3 Be6 34. Ra1 Qf7 35. f3 Kh7 36. a4 b4 37. Qd2 Rd8 38. Rb1 Rb8 39. Qd1 Qf8 
40. Kg2 Rd8 41. Qd3 Ra8 42. Reb2 Qe7 43. Qd1 Rc3 44. Bxc3 bxc3 45. Re2 Qxc5 
46. Qd4 Qe7 47. Bc2 g6 48. Qe5 Rd8 49. Rb8 Rxb8 50. Qxb8 Bf7 51. Qa8 Qc5 
52. Qb8 Qb4 53. Qa7 Kg7 54. Re1 Qb2 55. Qd4+ Kh7 56. Re2 Kg8 57. g4 fxg4 
58. Qf6 c5 59. fxg4 Qb6 60. Rf2 Qxf6 61. Rxf6 Kf8 62. Ra6 Bd8 63. Kf3 Be8 
64. Ke2 g5 65. Rxh6 Ke7 66. h3 Ba5 67. h4 gxh4 68. g5 Bd8 69. Rxh4 Ke6 
70. Rh6+ Ke7 71. Rh7+ Kd6 72. Rh8 Kd7 73. g6 Bf6 74. g7 Bxg7 75. Rh7 Ke7 
76. Rxg7+ Kd6 77. Kd3 Kc6 78. Rg5 Kb6 79. Rxd5 Bf7 80. Re5 Kc6 81. Kxc3 Ba2 
82. Be4+ Kd6 83. Rd5+ Bxd5 84. Bxd5 Kxd5 85. a5 c4 86. a6 Kc6 87. e4 Kb6 
88. e5 Kc5 89. a7 Kd5 90. a8=Q+ Kxe5 91. Kxc4 Kf4 92. Kd4 Kf5 93. Qc6 Kf4 
94. Qe4+ Kg3 95. Ke3 Kh2 96. Kf3 Kg1 97. Qg6+ Kf1 98. Qb1# 1-0

[Event "Wednesday Jan 17th Engine Tour 9Rd Swiss 12m+1s Starts at 1600hrs ST"]
[Site "Infinity Chess"]
[Date "2018.1.17"]
[Round "2"]
[White "incredible"]
[Black "marudam"]
[Result "1/2-1/2"]
[ECO "D31"]
[WhiteElo "2450"]
[BlackElo "2446"]
[WhiteEngine "Stockfish_x64_bmi2"]
[BlackEngine "stockfish291217_CTG"]
[EventType "Swiss"]
[WhiteTeam ""]
[BlackTeam ""]
[PlyCount "93"]
[TimeControl "720+1"]

1. d4 d5 2. c4 e6 3. Nc3 c6 4. Nf3 Nf6 5. Bg5 h6 6. Bxf6 Qxf6 7. e3 g6 
8. Bd3 dxc4 9. Bxc4 Bg7 10. e4 O-O 11. O-O Qe7 12. e5 Nd7 13. Rc1 c5 
14. Re1 cxd4 15. Qxd4 Nb6 16. Ne4 Bd7 17. Nf6+ Kh8 18. Qe3 Rac8 19. Bb3 Rxc1 
20. Rxc1 Bc6 21. Nd4 Rc8 22. Rc3 Bxf6 23. Qxh6+ Kg8 24. exf6 Qxf6 25. Nxc6 Rxc6 
26. Rxc6 bxc6 27. Qc1 Qd4 28. Qxc6 Qxb2 29. Qe8+ Kg7 30. g3 Qd4 31. Qc6 Kf6 
32. Qf3+ Kg7 33. Kg2 Nd5 34. Bxd5 exd5 35. Qe3 Qxe3 36. fxe3 Kf6 37. Kf3 Ke5 
38. h4 f5 39. a3 a6 40. a4 a5 41. g4 fxg4+ 42. Kxg4 Ke4 43. Kg5 Kxe3 44. Kxg6 d4 
45. h5 d3 46. h6 d2 47. h7 1/2-1/2

[Event "Wednesday Jan 17th Engine Tour 9Rd Swiss 12m+1s Starts at 1600hrs ST"]
[Site "Infinity Chess"]
[Date "2018.1.17"]
[Round "2"]
[White "Thinker"]
[Black "RonWeasley"]
[Result "1/2-1/2"]
[ECO "C11"]
[WhiteElo "2448"]
[BlackElo "2454"]
[WhiteEngine "BrainFish_180113_x64_modern_CTG"]
[BlackEngine "BrainFish 130117_CTG"]
[EventType "Swiss"]
[WhiteTeam ""]
[BlackTeam ""]
[PlyCount "140"]
[TimeControl "720+1"]

1. e4 e6 2. d4 d5 3. Nc3 Nf6 4. e5 Nfd7 5. f4 c5 6. Nf3 Nc6 7. Be3 cxd4 
8. Nxd4 Qb6 9. Qd2 Qxb2 10. Rb1 Qa3 11. Bb5 Nxd4 12. Bxd4 a6 13. Bxd7+ Bxd7 
14. Rb3 Qe7 15. Rxb7 Rc8 16. O-O Qd8 17. f5 exf5 18. Qd3 Bc5 19. Bxc5 Rxc5 
20. Nxd5 Bc8 21. Re7+ Kf8 22. Qa3 Qa5 23. Qxa5 Rxa5 24. Rc7 Be6 25. Nf4 Rxe5 
26. Nxe6+ Rxe6 27. Rxf5 Re7 28. Rc8+ Re8 29. Rfc5 Ke7 30. R8c6 g6 31. Rc3 a5 
32. R6c5 f5 33. Rxa5 Rc8 34. Ra7+ Ke6 35. Rcc7 Rxc7 36. Rxc7 Ra8 37. Rxh7 Rxa2 
38. Rc7 g5 39. Kf2 Ke5 40. Ke2 Ra8 41. Kd3 g4 42. g3 Kf6 43. Rc6+ Ke5 
44. Ke3 Ra3+ 45. Kd2 Ra8 46. Rc3 Rh8 47. Re3+ Kd4 48. Re2 Rc8 49. Rf2 Rh8 
50. Re2 Rc8 51. Kc1 Rf8 52. Rf2 Ke3 53. Rf1 Rf6 54. Kb2 Rf7 55. Kb3 Rb7+ 
56. Ka4 Ra7+ 57. Kb5 Ra2 58. Rxf5 Rxc2 59. Re5+ Kd4 60. Rh5 Ke4 61. Kb4 Ke3 
62. Kb3 Rc7 63. Kb4 Kf3 64. Rf5+ Ke3 65. Rf8 Rh7 66. Re8+ Kf2 67. Re4 Rxh2 
68. Rxg4 Ke3 69. Rc4 Rb2+ 70. Kc3 Rg2 1/2-1/2

[Event "Wednesday Jan 17th Engine Tour 9Rd Swiss 12m+1s Starts at 1600hrs ST"]
[Site "Infinity Chess"]
[Date "2018.1.17"]
[Round "2"]
[White "KhalidOmar"]
[Black "Ninja_Bp"]
[Result "1/2-1/2"]
[ECO "C53"]
[WhiteElo "2458"]
[BlackElo "2460"]
[WhiteEngine "Eman 1.62 64-bit BMI2"]
[BlackEngine "Houdini 6_CTG"]
[EventType "Swiss"]
[WhiteTeam ""]
[BlackTeam ""]
[PlyCount "193"]
[TimeControl "720+1"]

1. e4 e5 2. Nf3 Nc6 3. Bc4 Bc5 4. c3 Nf6 5. d4 exd4 6. e5 d5 7. Bb5 Ne4 
8. cxd4 Bb6 9. O-O Bg4 10. a4 a5 11. Nc3 O-O 12. Bxc6 bxc6 13. h3 Bxf3 
14. Qxf3 Bxd4 15. Nxe4 dxe4 16. Qxe4 Re8 17. Qxc6 Re6 18. Qf3 Bxe5 19. Ra3 c5 
20. Rd3 Qe8 21. b3 Bd4 22. Bd2 Qd8 23. Bc3 Ra7 24. Qf4 Rd6 25. Rf3 Rad7 
26. Re1 g6 27. Qd2 Bxc3 28. Qxc3 Rd1 29. Kh2 Rxe1 30. Qxe1 Qc7+ 31. Kg1 h5 
32. g3 Kh7 33. Re3 Qb7 34. h4 Rd4 35. Kh2 Qd5 36. Qxa5 Rd1 37. Re1 Rd2 
38. Kg1 Rd3 39. Qc7 Rxb3 40. a5 Kg7 41. a6 Ra3 42. Qb7 Qd4 43. a7 Rxg3+ 
44. Kf1 Qc4+ 45. Re2 Rd3 46. Qe4 Rd1+ 47. Kg2 Qxe4+ 48. Rxe4 Ra1 49. Re7 c4 
50. Rc7 c3 51. Kg3 c2 52. Rxc2 Rxa7 53. Rc6 Ra4 54. f3 Rb4 55. Ra6 Rb5 
56. Ra7 Kf6 57. Rc7 Ra5 58. Rb7 Kg7 59. Rb6 Ra2 60. Kh3 Ra4 61. Kg3 Rc4 
62. Ra6 f6 63. Ra7+ Kf8 64. f4 f5 65. Ra8+ Kf7 66. Ra7+ Kg8 67. Ra8+ Kg7 
68. Ra7+ Kh6 69. Kf3 Rc3+ 70. Kg2 Rc2+ 71. Kg3 Rd2 72. Rf7 Rd1 73. Kg2 Rd4 
74. Kf3 Ra4 75. Rb7 Ra6 76. Rc7 Rf6 77. Kg3 Re6 78. Ra7 Re2 79. Rf7 Re1 
80. Kg2 Rc1 81. Re7 Rc2+ 82. Kg3 Rb2 83. Rc7 Rb4 84. Kf3 Rd4 85. Rb7 Ra4 
86. Rc7 Ra2 87. Kg3 Re2 88. Rd7 Ra2 89. Rc7 Ra4 90. Kf3 Rb4 91. Kg3 Rd4 
92. Rb7 Rd6 93. Rc7 Rd4 94. Re7 Rd3+ 95. Kg2 Rd2+ 96. Kg3 Ra2 97. Rc7 1/2-1/2

[Event "Wednesday Jan 17th Engine Tour 9Rd Swiss 12m+1s Starts at 1600hrs ST"]
[Site "Infinity Chess"]
[Date "2018.1.17"]
[Round "2"]
[White "Harry_Potter"]
[Black "Eman"]
[Result "1/2-1/2"]
[ECO "C55"]
[WhiteElo "2464"]
[BlackElo "2470"]
[WhiteEngine "Stockfish_18011309_x64_bmi2_CTG"]
[BlackEngine "Eman 1.62 64-bit POPCNT"]
[EventType "Swiss"]
[WhiteTeam ""]
[BlackTeam ""]
[PlyCount "71"]
[TimeControl "720+1"]

1. e4 e5 2. Nf3 Nc6 3. Bc4 Nf6 4. d3 Bc5 5. O-O a5 6. c3 d6 7. Bg5 O-O 8. a4 h6 
9. Bh4 g5 10. Bg3 Kg7 11. Nbd2 Ba7 12. Nb3 Ne7 13. Re1 Nh5 14. d4 Nxg3 
15. hxg3 Ng6 16. Nfd2 f5 17. exf5 Bxf5 18. Nf1 Bd7 19. Ne3 Qf6 20. Rf1 c6 
21. Be2 exd4 22. cxd4 Ne7 23. Qd3 Bb6 24. Bh5 Nd5 25. Rae1 Nxe3 26. Qxe3 Kh8 
27. Qe7 Qxe7 28. Rxe7 Bf5 29. Rfe1 Rab8 30. g4 Bc2 31. R1e6 Bxb3 32. Rxh6+ Kg8 
33. Rg6+ Kh8 34. Rh6+ Kg8 35. Rg6+ Kh8 36. Rh6+ 1/2-1/2

[Event "Wednesday Jan 17th Engine Tour 9Rd Swiss 12m+1s Starts at 1600hrs ST"]
[Site "Infinity Chess"]
[Date "2018.1.17"]
[Round "2"]
[White "SkyPilot"]
[Black "Vimtiroba"]
[Result "1/2-1/2"]
[ECO "C53"]
[WhiteElo "2470"]
[BlackElo "2473"]
[WhiteEngine "stockfish_x64_bmi2_2018_01_13_CTG"]
[BlackEngine "SF@Infinity T1_CTG"]
[EventType "Swiss"]
[WhiteTeam ""]
[BlackTeam ""]
[PlyCount "49"]
[TimeControl "720+1"]

1. e4 e5 2. Nf3 Nc6 3. Bc4 Bc5 4. c3 Nf6 5. d3 d6 6. O-O a5 7. Re1 O-O 8. h3 h6 
9. Nbd2 Be6 10. Bb5 Qb8 11. Nf1 Qa7 12. Re2 a4 13. Ng3 Qa5 14. Bxc6 bxc6 
15. Nh4 Rfe8 16. Re1 d5 17. exd5 cxd5 18. Rxe5 Bf8 19. Qc2 c5 20. Bd2 c4 
21. dxc4 Nd7 22. Rh5 Nf6 23. Re5 Nd7 24. Rh5 Nf6 25. Re5 1/2-1/2

[Event "Wednesday Jan 17th Engine Tour 9Rd Swiss 12m+1s Starts at 1600hrs ST"]
[Site "Infinity Chess"]
[Date "2018.1.17"]
[Round "2"]
[White "avilllaa"]
[Black "Marsell"]
[Result "1/2-1/2"]
[ECO "D44"]
[WhiteElo "2472"]
[BlackElo "2479"]
[WhiteEngine "Cryptic AIL V1"]
[BlackEngine "asmFishW_2018-01-11_popcnt"]
[EventType "Swiss"]
[WhiteTeam ""]
[BlackTeam ""]
[PlyCount "122"]
[TimeControl "720+1"]

1. d4 d5 2. c4 e6 3. Nc3 Nf6 4. Nf3 c6 5. Bg5 h6 6. Bh4 dxc4 7. e4 g5 8. Bg3 b5 
9. Be2 Bb7 10. h4 g4 11. Ne5 Nbd7 12. Bxg4 Nxe5 13. Bxe5 Rg8 14. Bf3 Nd7 
15. Bg3 Qb6 16. O-O O-O-O 17. Kh1 Bg7 18. Bh5 Rgf8 19. Bd6 a6 20. Bxf8 Rxf8 
21. Rc1 Qxd4 22. f4 Nc5 23. e5 Qxd1 24. Rcxd1 Kc7 25. Ne2 f6 26. f5 Bc8 
27. fxe6 Nxe6 28. b3 cxb3 29. exf6 Bxf6 30. axb3 Bxh4 31. Rxf8 Nxf8 32. Rf1 Ne6 
33. Bg4 a5 34. Ra1 Kb6 35. Rd1 Kc7 36. Ra1 Kb6 37. Rd1 Be7 38. Kg1 h5 
39. Bxh5 Nc5 40. Bf7 Ne4 41. Bg6 Nf6 42. Nf4 Bg4 43. Rb1 Bc5+ 44. Kf1 Be3 
45. g3 Nd5 46. Bf7 Nxf4 47. gxf4 Bxf4 48. Kf2 Bd2 49. Rg1 Bf5 50. Ke2 Bh6 
51. Rf1 Be4 52. Ra1 Bf8 53. Rf1 Bc5 54. Rf6 a4 55. bxa4 bxa4 56. Rf4 Bc2 
57. Kd2 Bb3 58. Bxb3 axb3 59. Kc3 b2 60. Kxb2 Ka5 61. Kc3 Bd6 1/2-1/2

[Event "Wednesday Jan 17th Engine Tour 9Rd Swiss 12m+1s Starts at 1600hrs ST"]
[Site "Infinity Chess"]
[Date "2018.1.17"]
[Round "2"]
[White "Gilgamesch"]
[Black "angriff"]
[Result "1-0"]
[ECO "B00"]
[WhiteElo "2488"]
[BlackElo "2510"]
[WhiteEngine "BrainFish_171005_x64_bmi2"]
[BlackEngine "Raubfisch ME262_GTZ16b2_CTG"]
[EventType "Swiss"]
[WhiteTeam ""]
[BlackTeam ""]
[PlyCount "137"]
[TimeControl "720+1"]

1. e4 Nc6 2. d4 d5 3. e5 Bf5 4. Nf3 e6 5. c3 f6 6. Bb5 Nge7 7. exf6 gxf6 
8. Nh4 Bg6 9. O-O a6 10. Be2 Bf7 11. Nd2 Ng6 12. Ndf3 e5 13. Nxg6 hxg6 
14. dxe5 Nxe5 15. h3 Bd6 16. Nxe5 fxe5 17. Qb3 Rb8 18. c4 d4 19. Qc2 Qe7 
20. Re1 Bb4 21. Bd2 Bxd2 22. Qxd2 Qf6 23. Bf1 O-O 24. Re4 Rbe8 25. Rae1 Kg7 
26. b4 Re6 27. c5 Ree8 28. Bd3 Rh8 29. a4 Rh4 30. Rxh4 Qxh4 31. Re4 Qf6 
32. Rg4 b6 33. h4 Rh8 34. cxb6 cxb6 35. Qe2 Qd6 36. a5 b5 37. Qe4 Rh5 
38. Qb7 Kf6 39. f4 exf4 40. Qb6 Rd5 41. Be4 Qxb6 42. axb6 Rd8 43. Rxf4+ Ke5 
44. Rxf7 Kxe4 45. Kf2 d3 46. Ke1 d2+ 47. Kd1 Kd5 48. b7 Rb8 49. g4 Kc4 
50. Kxd2 Kb3 51. h5 Rd8+ 52. Kc1 gxh5 53. gxh5 Rg8 54. Rc7 Ka3 55. Rc8 Rg1+ 
56. Kd2 Rg2+ 57. Ke3 Rg3+ 58. Ke2 Rg2+ 59. Kf3 Rb2 60. b8=Q Rb3+ 61. Ke2 a5 
62. Qe5 Rb2+ 63. Kd3 a4 64. Rc3+ Ka2 65. Qe6+ Rb3 66. Rxb3 axb3 67. Kc3 Ka1 
68. Kxb3 Kb1 69. Qe1# 1-0

[Event "Wednesday Jan 17th Engine Tour 9Rd Swiss 12m+1s Starts at 1600hrs ST"]
[Site "Infinity Chess"]
[Date "2018.1.17"]
[Round "1"]
[White "BraveDevil"]
[Black "Thinker"]
[Result "1/2-1/2"]
[ECO "D37"]
[WhiteElo "2270"]
[BlackElo "2455"]
[WhiteEngine "Cryptic AIL V1"]
[BlackEngine "BrainFish_180113_x64_modern_CTG"]
[EventType "Swiss"]
[WhiteTeam ""]
[BlackTeam ""]
[PlyCount "61"]
[TimeControl "720+1"]

1. d4 d5 2. c4 e6 3. Nc3 Nf6 4. Nf3 Be7 5. Bf4 O-O 6. e3 Nbd7 7. cxd5 Nxd5 
8. Nxd5 exd5 9. a3 Nf6 10. Qc2 c6 11. Bd3 Bg4 12. h3 Bxf3 13. gxf3 Bd6 
14. Be5 Rc8 15. Rc1 g6 16. f4 Bxe5 17. dxe5 Nh5 18. h4 d4 19. Be2 dxe3 
20. fxe3 Ng3 21. Rh3 Nxe2 22. Kxe2 Qd5 23. Rg3 Rfd8 24. h5 Kg7 25. Rg5 Rc7 
26. hxg6 hxg6 27. Qc3 Qb5+ 28. Kf3 Qd5+ 29. Ke2 Qb5+ 30. Kf3 Qd5+ 31. Ke2 
1/2-1/2

[Event "Wednesday Jan 17th Engine Tour 9Rd Swiss 12m+1s Starts at 1600hrs ST"]
[Site "Infinity Chess"]
[Date "2018.1.17"]
[Round "1"]
[White "RonWeasley"]
[Black "Satria_Ungu"]
[Result "1/2-1/2"]
[ECO "C53"]
[WhiteElo "2457"]
[BlackElo "2376"]
[WhiteEngine "BrainFish 130117_CTG"]
[BlackEngine "Houdini 6_CTG"]
[EventType "Swiss"]
[WhiteTeam ""]
[BlackTeam ""]
[PlyCount "120"]
[TimeControl "720+1"]

1. e4 e5 2. Nf3 Nc6 3. Bc4 Bc5 4. c3 Nf6 5. d3 d6 6. Bb3 a5 7. O-O O-O 8. a4 h6 
9. h3 Bb6 10. Re1 Ba7 11. Na3 Re8 12. Bc2 Bb6 13. Nc4 Bc5 14. Na3 Bxa3 
15. Rxa3 d5 16. d4 exd4 17. e5 Ne4 18. c4 Bf5 19. Nxd4 Nxf2 20. Kxf2 Qh4+ 
21. g3 Qxd4+ 22. Qxd4 Nxd4 23. Bxf5 Nxf5 24. cxd5 Nd4 25. Re4 c5 26. Be3 f5 
27. Rh4 Nc2 28. Rc3 Nb4 29. Bxc5 Nxd5 30. Rd3 Rad8 31. Bd6 Ne7 32. Rc3 Nc6 
33. Rc5 Kf7 34. Rf4 g6 35. Rh4 Rh8 36. Rb5 Rd7 37. g4 Ke6 38. gxf5+ gxf5 
39. Rh5 Rhh7 40. Rb6 Rd8 41. b3 Rc8 42. Bc5 Kxe5 43. Kf3 Re8 44. Be3 Kf6 
45. Rxh6+ Rxh6 46. Bxh6 Rh8 47. Bd2 Rxh3+ 48. Kf4 Rd3 49. Bxa5 Rd4+ 50. Ke3 Rd7 
51. Kf4 Rd4+ 52. Ke3 f4+ 53. Kf3 Kf5 54. Rb5+ Ne5+ 55. Rxe5+ Kxe5 56. Bc3 Kd5 
57. Bxd4 Kxd4 58. Kxf4 Kc3 59. a5 Kxb3 60. Ke3 Kb4 1/2-1/2

[Event "Wednesday Jan 17th Engine Tour 9Rd Swiss 12m+1s Starts at 1600hrs ST"]
[Site "Infinity Chess"]
[Date "2018.1.17"]
[Round "1"]
[White "Dovahkiin"]
[Black "KhalidOmar"]
[Result "1/2-1/2"]
[ECO ""]
[WhiteElo "2385"]
[BlackElo "2461"]
[WhiteEngine "BrainFish_180113_x64_modern_CTG"]
[BlackEngine "Eman 1.62 64-bit BMI2"]
[EventType "Swiss"]
[WhiteTeam ""]
[BlackTeam ""]
[PlyCount "111"]
[TimeControl "720+1"]

1. e3 d5 2. d3 e5 3. d4 Nd7 4. dxe5 Nxe5 5. Nd2 c6 6. Ngf3 Nxf3+ 7. Nxf3 Nf6 
8. c4 Ne4 9. a3 Be6 10. Qc2 Qa5+ 11. Nd2 Bb4 12. cxd5 Bxd2+ 13. Bxd2 Qxd5 
14. Bb4 a5 15. Bd3 Nxf2 16. Kxf2 axb4 17. axb4 Ke7 18. Qc3 Rhd8 19. Rxa8 Rxa8 
20. b5 c5 21. Be2 Qg5 22. Bf3 Ra4 23. b6 Qh4+ 24. g3 Qc4 25. Bxb7 Rb4 
26. Qxc4 Bxc4 27. Rc1 Kd6 28. Bf3 Rxb2+ 29. Ke1 Ba6 30. Rd1+ Ke6 31. Rc1 c4 
32. b7 Ke5 33. Rc2 Rb1+ 34. Kf2 Rb4 35. h4 h5 36. Ke1 g6 37. Kd2 Kf5 
38. Rxc4 Bxc4 39. Kc3 Rb1 40. Kxc4 Ke6 41. Be4 Rb2 42. Bd5+ Ke7 43. Kc5 Kd7 
44. Bxf7 Rxb7 45. Bxg6 Ra7 46. Kd4 Ra4+ 47. Ke5 Ke7 48. e4 Ra5+ 49. Kf4 Kf6 
50. Bf5 Ra3 51. g4 hxg4 52. e5+ Kg7 53. Bxg4 Ra1 54. h5 Ra6 55. Kg5 Rb6 56. Bf5 
1/2-1/2